 Dungeon Crawl Stone Soup version 0.28.0 (webtiles) character file.

Game seed: 1080336704011604540

2375 AmazingTV the Skirmisher (level 9, -4/78 HPs)
             Began as a Minotaur Fighter on July 13, 2022.
             Was a Believer of Okawaru.
             Slain by an orc warrior (6 damage)
             ... in a bailey.
             The game lasted 00:15:45 (6958 turns).

AmazingTV the Skirmisher (Minotaur Fighter)         Turns: 6958, Time: 00:15:45

Health: -4/78      AC:  9    Str: 26    XL:     9   Next: 21%
Magic:  8/8        EV:  9    Int:  5    God:    Okawaru [**....]
Gold:   524        SH:  5    Dex:  9    Spells: 8/8 levels left

rFire   . . .      SeeInvis .   a - +0 morningstar {mace}
rCold   . . .      Faith    .   c - +0 buckler
rNeg    . . .      Spirit   .   j - +0 scale mail
rPois   .          Reflect  .   (helmet restricted)
rElec   .          Harm     .   (no cloak)
rCorr   +          Rampage  .   k - +0 pair of gloves
Will    .....                   (no boots)
Stlth   ..........              (no amulet)
HPRegen 0.23/turn               g - +4 ring of slaying
MPRegen 0.11/turn               i - ring of resist corrosion

@: mighty
A: horns 2, retaliatory headbutt
a: Renounce Religion, Heroism


You were in a bailey.
You worshipped Okawaru.
Okawaru was pleased with you.
You visited 2 branches of the dungeon, and saw 8 of its levels.
You also visited: Bailey.

You collected 524 gold pieces.


Innate Abilities, Weirdness & Mutations

You have a pair of horns on your head.
You reflexively headbutt those who attack you in melee.


   Skills:
 + Level 6.6 Fighting
 + Level 5.3(6.7) Axes
 + Level 6.1(7.1) Maces & Flails
 + Level 5.0(5.9) Slings
 + Level 4.3(5.3) Throwing
 + Level 6.6 Armour
 + Level 6.5 Shields


You had 8 spell levels left.
You didn't know any spells.
Your spell library contained the following spells:

 Spells                   Type           Power      Damage    Failure   Level
 Apportation              Tloc           0%         N/A       82%         1
 Leda's Liquefaction      Hex/Erth       0%         N/A       100%        4
 Alistair's Intoxication  Tmut/Pois      0%         N/A       100%        5
 Lee's Rapid Deconstruct  Erth           0%         3d5*      100%        5
 Statue Form              Tmut/Erth      0%         N/A       100%        6
 Chain Lightning          Conj/Air       0%         N/A       100%        9
 Fire Storm               Conj/Fire      0%         5d1       100%        9
 Shatter                  Erth           0%         3d5*      100%        9

Inventory:

Hand Weapons
 a - a +0 morningstar (weapon) {mace}
   (You took it off an orc on level 4 of the Dungeon)
 b - a +0 hunting sling {sling}
   (You found it on level 1 of the Dungeon)
 h - a +0 mace {mace}
   (You found it on level 1 of the Dungeon)
 o - a +1 dagger of electrocution {short}
   (You took it off a goblin on level 3 of the Dungeon)
 x - a +0 dagger of flaming {short}
   (You took it off a goblin on level 3 of the Dungeon)
 z - a +2 dagger of draining {short}
   (You took it off a goblin on level 3 of the Dungeon)
 B - a +2 dagger of venom {short}
   (You took it off a goblin on level 3 of the Dungeon)
 E - a +0 flail {mace}
 G - a +3 short sword {short}
   (You took it off a kobold on level 4 of the Dungeon)
Missiles
 e - 120 stones
 t - 18 poisoned darts (quivered)
 w - 20 boomerangs
 F - 3 javelins
 J - 51 sling bullets
 K - 36 bolts
Armour
 c - a +0 buckler (worn)
 j - a +0 scale mail (worn)
 k - a +0 pair of gloves (worn)
   (You found it on level 1 of the Dungeon)
 O - a +2 robe of willpower
   (You found it in a bailey)
Magical Staves
 L - a staff of fire {!astaff}
   (You found it on level 5 of the Dungeon)
Jewellery
 g - a +4 ring of slaying (left hand)
   (You found it on level 1 of the Dungeon)
 i - a ring of resist corrosion (right hand)
   (You found it on level 1 of the Dungeon)
 p - a ring of protection from fire
   (You took it off a goblin on level 3 of the Dungeon)
 N - a ring of protection from fire
   (You found it on level 7 of the Dungeon)
Wands
 v - a wand of iceblast (9)
   (You found it on level 3 of the Dungeon)
Scrolls
 f - 3 scrolls of identify {unknown}
 l - a scroll of blinking {unknown}
 m - 2 scrolls of holy word {unknown}
 n - 2 scrolls of teleportation {unknown}
 r - a scroll of noise {unknown}
 s - a scroll of acquirement {unknown}
 u - a scroll of fog {unknown}
 y - a scroll of fear {unknown}
 C - 3 scrolls of silence {unknown}
 D - 3 scrolls of immolation {unknown}
Potions
 d - a potion of might
 q - 2 potions of ambrosia {unknown}
 A - a potion of cancellation {unknown}
 H - a potion of attraction {unknown}
 I - 3 potions of degeneration {unknown}
 M - 2 potions of flight

Dungeon Overview and Level Annotations

Branches:
Dungeon (7/15)             Temple (1/1) D:6          Bailey (1/1)

Altars:
Ashenzari
Cheibriados
Dithmenos
Elyvilon
Fedhas
Gozag
Hepliaklqana
Kikubaaqudgha
Makhleb
Nemelex Xobeh
Okawaru
Qazlal
Ru
Sif Muna
Trog
Uskayaw
Vehumet
Wu Jian
Xom
Yredelemnul
Zin
The Shining One

Shops:
D:5

:* #############
##.......##.∩# #..#...#...###
###########.###########
.........))†.ogo......##
......(#########@......#
....#'## ######..## ....#.o#
#...## ..###(.# #....#### ..#
'.(### .' #..≈≈≈≈≈≈≈#
..###...^ .. .###.≈≈≈≈≈≈≈##
....#).####'####
.#.≈≈≈≈≈≈≈≈##
≈≈≈)####.ooo...####≈≈≈≈≈≈####
≈≈≈≈≈≈∩#Kggo...#∩≈≈≈≈≈####


You could see 2 orc warriors and a goblin.


Message History

e - 119 stones (gained 3)
e - 122 stones (gained 3);
w - 19 boomerangs (gained 3)
Things that are here:
a kobold corpse; a kobold corpse
O - a +2 robe of willpower
Found 331 gold pieces.
Found a gate leading back out of this place.
M - 2 potions of flight (gained 1)
You now have 524 gold pieces (gained 331).
e - 123 stones (gained 1);
w - 20 boomerangs (gained 1)
e - 124 stones (gained 1)
e - 125 stones (gained 1) Why would you want to do that?
You enter the shallow water.
Moving in this stuff is going to be slow.
You enter the shallow water.
Moving in this stuff is going to be slow.
Things that are here:
a kobold corpse; a kobold corpse
Things that are here:
a +0 hand axe {axe}; a +0 leather armour The kobold shouts!
You hear a shout!
The kobold throws a boomerang.
You block the boomerang.
You hear a shout! x2
Things that are here:
a stone; a +0 hand axe {axe}; a +0 leather armour You shoot a stone.
The stone barely misses the kobold.
You hear a shout! x2
The kobold throws a boomerang.
The boomerang barely misses you.
You shoot a stone. The stone closely misses the kobold.
The kobold throws a boomerang.
The boomerang barely misses you.
You shoot a stone. The stone hits the kobold!
You kill the kobold!
Okawaru accepts your kill.
The orc warrior shouts!
You hear a shout!
An orc warrior comes into view. It is wielding a +0 war axe.
There is an open door here.
You shoot a stone. The stone hits the orc warrior.
You shoot a stone. The stone hits the orc warrior.
a - a +0 morningstar (weapon)
{mace} The orc warrior completely misses you.
You furiously retaliate!
You headbutt the orc warrior. You puncture the orc warrior!
You headbutt the orc warrior! The orc warrior closely misses you.
You puncture the orc warrior!
The orc warrior hits you but does no damage.
You closely miss the orc warrior.
The orc warrior hits you with a +0 war axe!
The orc warrior barely misses you. You furiously retaliate!
You headbutt the orc warrior, but do no damage. 😕 HP[-10]
You take 10 damage, and now have 68/78 hp.
You hit the orc warrior. You puncture the orc warrior!
The orc warrior hits you with a +0 war axe!
The orc warrior barely misses you. 😮 HP[-13]
You take 13 damage, and now have 55/78 hp.
You closely miss the orc warrior.
The orc warrior hits you with a +0 war axe!
The orc warrior hits you with a +0 war axe. 😮 HP[-14]
You take 14 damage, and now have 41/78 hp.
You block the orc warrior's attack.
Things that are here:
a stone; a +0 hand axe {axe}; a +0 leather armour 😮 HP[+1]
Things that are here:
a +0 hand axe {axe}; a +0 leather armour You barely miss the orc warrior.
You headbutt the orc warrior.
You kill the orc warrior!
Okawaru accepts your kill.
You closely miss the orc warrior. You block the orc warrior's attack.
You closely miss the orc warrior.
The orc warrior hits you with a +0 war axe.
* * * LOW HITPOINT WARNING * * *
😨 HP[-4]
You take 4 damage, and now have 38/78 hp.
You barely miss the orc warrior.
The orc warrior hits you with a +0 war axe.
* * * LOW HITPOINT WARNING * * *
The orc warrior hits you with a +0 war axe!
* * * LOW HITPOINT WARNING * * *
😨 HP[-11]
You take 11 damage, and now have 27/78 hp.
You swing at nothing.
The orc warrior hits you with a +0 war axe!
* * * LOW HITPOINT WARNING * * *
😱 HP[-12]
You take 12 damage, and now have 15/78 hp. 😱 HP[+1] 😱 HP[+1]
You feel very mighty all of a sudden.
The orc warrior hits you with a +0 war axe!
* * * LOW HITPOINT WARNING * * *
😱 HP[-15]
You take 15 damage, and now have 2/78 hp.
You closely miss the orc warrior.
The orc warrior hits you with a +0 war axe.
You die...

Skill      XL: |  1  2  3  4  5  6  7  8  9 |
---------------+----------------------------+-----
Axes           | 1 2 3 5 |  5.3
Slings         | 1 2 3 4 5 |  5.0
Armour         | 4 5 6 |  6.6
Fighting       | 4 5 6 |  6.6
Throwing       | 1 2 3 4 |  4.3
Shields        | 4 5 6 |  6.5
Maces & Flails | 3 4 5 6 |  6.1

Action                   |  1- 3 |  4- 6 |  7- 9 || total
-------------------------+-------+-------+-------++-------
Melee: Flail             |    63 |    59 |     1 ||   123
       Headbutt          |     6 |    10 |    27 ||    43
       Morningstar       |       |    12 |   140 ||   152
 Fire: Hunting sling     |       |     8 |    34 ||    42
Throw: Dart              |       |     7 |     3 ||    10
       Javelin           |       |       |     1 ||     1
  Use: Potion            |     1 |       |     1 ||     2
Armor: Scale mail        |    21 |    28 |    56 ||   105
Dodge: Dodged            |    22 |    24 |    83 ||   129
Block: Buckler           |    16 |     8 |    34 ||    58

Levels and vault maps discovered:
D:1:      minmay_arrival_open_corners, layout_basic,
          chequers_ecumenical_altar_simple, st_stairs_11, serial_bayou_ford_a
D:2:      layout_rooms
D:3:      layout_loops_cross, lemuel_crystal_altar,
          nicolae_wu_jian_wuxing_cycle, minmay_strange_pillars, minivault_4,
          minmay_crystal_water, serial_park_tiny_pond, uniq_sigmund, uniq_robin,
          uniq_terence
D:4:      layout_basic, grunt_temple_overflow_cloverleaf, grunt_ministairs_14,
          minmay_stone_trees_medium
D:5:      layout_gridville, nicolae_tso_besieged_by_evil, serial_shops, shop,
          minmay_shop_mayhem
D:6:      layout_loops_ring, minmay_temple_entry_purple_smoke
D:7:      layout_loops_corners, serial_shops, shop, enter_bailey_5
Temple:   regret_index_temple_waves
Bailey:   bailey_axe_4, bailey

Notes
Turn   | Place    | Note
-------+----------+-------------------------------------------
     0 | D:1      | AmazingTV the Minotaur Fighter began the quest for the Orb.
     0 | D:1      | Reached XP level 1. HP: 19/19 MP: 0/0
     0 | D:1      | magus.rc [v1.9.6]
   411 | D:1      | Reached XP level 2. HP: 27/27 MP: 1/1
   706 | D:1      | Reached skill level 1 in Axes
   717 | D:1      | Reached skill level 1 in Slings
   842 | D:1      | Found a faded altar of an unknown god.
  1221 | D:2      | Reached XP level 3. HP: 33/33 MP: 2/2
  1295 | D:2      | Reached skill level 4 in Armour
  1384 | D:2      | Reached skill level 4 in Fighting
  1618 | D:3      | Found an ornate altar of the Wu Jian Council.
  1625 | D:3      | Reached skill level 1 in Throwing
  1625 | D:3      | Reached skill level 4 in Shields
  1662 | D:3      | HP: 5/33 [something/magic dart (4)]
  1667 | D:3      | Reached XP level 4. HP: 12/40 MP: 3/3
  1913 | D:3      | Noticed Sigmund
  1931 | D:3      | Killed Sigmund
  1932 | D:3      | Reached skill level 2 in Axes
  1932 | D:3      | Reached skill level 3 in Maces & Flails
  1932 | D:3      | Reached skill level 2 in Slings
  1932 | D:3      | Reached XP level 5. HP: 35/47 MP: 4/4
  2222 | D:3      | Found a white marble altar of Elyvilon.
  2250 | D:3      | Noticed Terence
  2255 | D:3      | Killed Terence
  2258 | D:3      | Reached XP level 6. HP: 35/53 MP: 5/5
  2735 | D:3      | Noticed Robin
  2744 | D:3      | Killed Robin
  2745 | D:3      | Reached skill level 2 in Throwing
  3240 | D:4      | Reached skill level 5 in Fighting
  3240 | D:4      | Reached skill level 3 in Axes
  3240 | D:4      | Reached skill level 4 in Maces & Flails
  3240 | D:4      | Reached XP level 7. HP: 48/61 MP: 6/6
  3309 | D:4      | Reached skill level 3 in Slings
  3309 | D:4      | Reached skill level 5 in Armour
  3387 | D:4      | Found a blossoming altar of Fedhas.
  3390 | D:4      | Found an ancient bone altar of Kikubaaqudgha.
  3396 | D:4      | Found an iron altar of Okawaru.
  3400 | D:4      | Became a worshipper of Warmaster Okawaru
  3406 | D:4      | Found a sacrificial altar of Ru.
  3484 | D:4      | Reached skill level 5 in Shields
  4260 | D:5      | Entered Level 5 of the Dungeon
  4265 | D:5      | Found a glowing golden altar of the Shining One.
  4512 | D:5      | Reached skill level 3 in Throwing
  4525 | D:5      | Found Koeha's Book Emporium.
  4544 | D:5      | Reached * piety under Okawaru
  4545 | D:5      | Reached XP level 8. HP: 69/69 MP: 7/7
  4789 | D:5      | Found Ulleiss's Mayhem Merchandise.
  5022 | D:6      | Reached skill level 4 in Axes
  5022 | D:6      | Reached skill level 5 in Maces & Flails
  5258 | D:6      | You pick up a book of Party Tricks and begin reading...
  5258 | D:6      | You add the spells Apportation and Alistair's Intoxication
                  | to your library.
  5467 | D:6      | Reached skill level 4 in Slings
  5608 | D:6      | You pick up a book of Annihilations and begin reading...
  5608 | D:6      | You add the spells Chain Lightning, Fire Storm and Shatter
                  | to your library.
  5610 | D:6      | You pick up a book of the Earth and begin reading...
  5610 | D:6      | You add the spells Leda's Liquefaction, Lee's Rapid
                  | Deconstruction and Statue Form to your library.
  5705 | D:6      | Reached skill level 6 in Fighting
  5754 | D:6      | Reached skill level 6 in Armour
  5754 | D:6      | Reached skill level 6 in Shields
  5882 | D:6      | Reached ** piety under Okawaru
  5885 | D:6      | Found a staircase to the Ecumenical Temple.
  5908 | Temple   | Entered the Ecumenical Temple
  6204 | D:7      | Noticed a manticore
  6209 | D:7      | HP: 17/70 [manticore (12)]
  6212 | D:7      | Killed a manticore
  6213 | D:7      | Reached skill level 5 in Axes
  6213 | D:7      | Reached skill level 4 in Throwing
  6213 | D:7      | Reached XP level 9. HP: 10/78 MP: 8/8
  6594 | D:7      | Reached skill level 6 in Maces & Flails
  6614 | D:7      | Found a flagged portal.
  6668 | Bailey   | Entered a bailey
  6774 | Bailey   | Identified the +3 hand crossbow of Giust {elec, rN+}
  6786 | Bailey   | Noticed an orc knight
  6830 | Bailey   | Reached skill level 5 in Slings
  6951 | Bailey   | HP: 15/78 [orc warrior (12)]
  6957 | Bailey   | HP: 2/78 [orc warrior (15)]
  6958 | Bailey   | Slain by an orc warrior

Vanquished Creatures
  A manticore (D:7)
  Sigmund (D:3)
  2 water moccasins
  2 orc warriors
  2 ogres (D:4)
  A black bear (D:5)
  A necrophage (D:6)
  A centaur (D:7)
  A kobold brigand (D:6)
  4 scorpions
  A water moccasin skeleton (D:6)
  4 hounds
  2 jellies
  A centaur skeleton (D:4)
  A gnoll shaman (D:6)
  An iron imp (D:5)
  An orc priest (D:3)
  An iguana (D:5)
  Terence (D:3)
  An orc wizard (D:3)
  A killer bee zombie (D:6)
  2 hound skeletons (D:4)
  Robin (D:3)
  8 adders
  3 gnolls (D:6)
  A shadow imp (D:5)
  An ufetubus (D:4)
  An adder skeleton (D:5)
  3 dart slugs
  11 orcs
  3 bats
  10 endoplasms
  4 giant cockroaches
  23 goblins
  8 hobgoblins
  3 quokkas
  2 ball pythons
  A frilled lizard (D:1)
  A goblin skeleton (D:5)
  A goblin zombie (D:5)
  2 hobgoblin zombies (D:5)
  19 kobolds
  A kobold zombie (D:5)
  2 orc skeletons (D:5)
  An orc zombie (D:5)
  A quokka skeleton (D:4)
  4 rats
148 creatures vanquished.

Vanquished Creatures (others)
  An orc wizard (D:3)
1 creature vanquished.

Grand Total: 149 creatures vanquished

Table legend:
 A = Non-vault XP
 B = Vault XP
 C = Vault XP percentage of total XP
 D = Non-vault monster count
 E = Vault monster count
 F = Vault count percentage of total count
                 A         B        C        D         E       F
            +---------+---------+-------+---------+---------+-------
      Total |    2755 |     639 |  18.8 |     101 |      48 |  32.2
            +---------+---------+-------+---------+---------+-------
        D:1 |      25 |       7 |  21.9 |      14 |       3 |  17.6
        D:2 |      46 |       0 |   0.0 |      13 |       0 |   0.0
        D:3 |     133 |     294 |  68.9 |      19 |      15 |  44.1
        D:4 |     437 |     133 |  23.3 |      21 |       2 |   8.7
        D:5 |     373 |      47 |  11.2 |      10 |       9 |  47.4
        D:6 |     822 |       0 |   0.0 |      18 |       0 |   0.0
        D:7 |     919 |       8 |   0.9 |       6 |       4 |  40.0
     Bailey |       0 |     150 | 100.0 |       0 |      15 | 100.0
            +---------+---------+-------+---------+---------+-------

Illustrated notes

Table legend:
 A = Kills in this place as a percentage of kills in entire the game.
 B = Kills by you in this place as a percentage of kills by you in the entire game.
 C = Kills by friends in this place as a percentage of kills by friends in the entire game.
 D = Other kills in this place as a percentage of other kills in the entire game.
 E = Experience gained in this place as a percentage of experience gained in the entire game.
 F = Experience gained in this place divided by the number of levels of this place that you have seen.
                   A       B       C       D       E      F
               +-------+-------+-------+-------+-------+----------------------
         Total | 100.0 | 100.0 |   N/A | 100.0 | 100.0 | 377.1
       Dungeon |  89.9 |  89.9 |   N/A | 100.0 |  95.6 | 463.4
        Bailey |  10.1 |  10.1 |   N/A |   0.0 |   4.4 | 150.0
               +-------+-------+-------+-------+-------+----------------------

Table legend: (Time is in decaauts)
 A = Elapsed time spent in this place.
 B = Non-inter-level travel time spent in this place.
 C = Inter-level travel time spent in this place.
 D = Time resting spent in this place.
 E = Time spent auto-exploring this place.
 F = Levels seen in this place.
 G = Mean time per level.
                   A        B        C        D        E       F      G
               +--------+--------+--------+--------+--------+-----+--------+
         Total |   7041 |   6668 |    373 |   1253 |   4299 |   9 |  782.3 |
       Dungeon |   6619 |   6274 |    345 |   1176 |   4211 |   7 |  945.6 |
        Temple |    130 |    102 |     28 |      0 |     87 |   1 |  130.0 |
        Bailey |    291 |    291 |      0 |     77 |      0 |   1 |  291.0 |
               +--------+--------+--------+--------+--------+-----+--------+

Top non-repeatable levels by time:
     D:4: 1239 daAuts
     D:3: 1221 daAuts
     D:1: 1147 daAuts
     D:6: 1080 daAuts
     D:5: 763 daAuts
     D:2: 697 daAuts
     D:7: 469 daAuts
  Bailey: 291 daAuts
  Temple: 130 daAuts
